 Dungeon Crawl Stone Soup version 0.17-a0-2208-ge5ab1d3 (webtiles) character file.

193 mrath the Ducker (level 5, -5/39 HPs)
             Began as a Merfolk Ice Elementalist on Oct 27, 2015.
             Slain by beardedkeet's ghost (8 damage)
             ... on level 3 of the Dungeon.
             The game lasted 00:40:52 (4472 turns).

mrath the Ducker (Merfolk Ice Elementalist)         Turns: 4472, Time: 00:40:52

Health: -5/39      AC:  9    Str:  8    XL:     5   Next: 72%
Magic:  1/9        EV: 14    Int: 15    God:
Gold:   155        SH:  0    Dex: 15    Spells: 3 memorised, 4 levels left

rFire  . . .     SeeInvis .     w - +0 trident
rCold  . . .     Clarity  .     a - +0 robe
rNeg   + . .     SustAt   .     (no shield)
rPois  .         Gourm    .     (no helmet)
rElec  .         Spirit   .     (no cloak)
rCorr  .         Warding  .     m - +0 pair of gloves
rMut   .         Stasis   .     y - +0 pair of boots
MR     .....                    (no amulet)
Stlth  ++........               (no ring)
                                C - ring of positive energy

@: icy armour, drained, not resistant to hostile enchantments, unstealthy
A: change form in water, swift swim
a: no special abilities


You were on level 3 of the Dungeon.
You were hungry.

You visited 1 branch of the dungeon, and saw 3 of its levels.

You collected 155 gold pieces.

Inventory:

Hand Weapons
 p - a +0 dagger of venom
 w - a +0 trident (weapon)
 A - a +0 mace of protection
Missiles
 n - 47 stones (quivered)
 q - 13 sling bullets of frost
 D - 8 tomahawks
Armour
 a - a +0 robe (worn)
 m - a +0 pair of gloves (worn)
 y - a +0 pair of boots (worn)
Jewellery
 C - a ring of positive energy (left hand)
Wands
 v - a wand of fireball (10)
Scrolls
 e - 6 scrolls of identify {unknown}
 j - 2 scrolls of amnesia {unknown}
 k - 2 scrolls of immolation {unknown}
 l - a scroll of fear {unknown}
 o - 2 scrolls of enchant weapon {unknown}
 s - 2 scrolls of random uselessness {unknown}
 x - a scroll of remove curse {unknown}
 B - a scroll of magic mapping {unknown}
 E - a scroll of blinking {unknown}
Potions
 d - a potion of mutation {unknown}
 f - 2 potions of brilliance {unknown}
 g - 2 potions of flight {unknown}
 i - 2 potions of lignification {unknown}
 t - a potion of beneficial mutation {unknown}
Books
 b - a book of Frost

   Spells                             Type                      Level
   a - Freeze                         Ice                          1
   b - Throw Frost                    Conjuration/Ice              2
   c - Ozocubu's Armour               Charms/Ice                   3
   d - Throw Icicle                   Conjuration/Ice              4
   e - Summon Ice Beast               Ice/Summoning                4
   f - Condensation Shield            Ice                          4
Comestibles
 c - 3 bread rations
 h - a beef jerky
 r - 2 chunks of flesh
 u - 3 meat rations
 z - 3 fruits


   Skills:
 + Level 2.7(2.2) Fighting
 + Level 0.8(0.3) Polearms
 + Level 4.5(4.0) Dodging
 - Level 2.1(1.7) Stealth
 + Level 3.0(2.5) Spellcasting
 - Level 0.7(0.2) Conjurations
 + Level 1.3(0.8) Charms
 + Level 3.9(3.4) Ice Magic


You had 4 spell levels left.
You knew the following spells:

 Your Spells              Type           Power        Failure   Level  Hunger
a - Freeze                Ice            ##..         6%          1    #......
b - Throw Frost           Conj/Ice       #.....       14%         2    ###....
c - Ozocubu's Armour      Chrm/Ice       #.......     30%         3    ###....


Dungeon Overview and Level Annotations

Branches:
Dungeon (3/15)

Altars:

Annotations:
D:3 Grinder; beardedkeet's ghost, amateur HuCj


Message History

Beardedkeet's ghost is moderately damaged.
Beardedkeet's ghost gestures at you while chanting.
The magic dart hits you!
* * * LOW HITPOINT WARNING * * *
You barely miss beardedkeet's ghost.
Beardedkeet's ghost is moderately damaged.
Beardedkeet's ghost says very slowly, "There's no hope."
Beardedkeet's ghost hits you but does no damage.
You partially resist.
You feel drained.
Some of the chunks of flesh in your inventory have rotted away.
You hit beardedkeet's ghost.
Beardedkeet's ghost is heavily damaged.
Beardedkeet's ghost hits you but does no damage.
You partially resist.
You feel drained.
Beardedkeet's ghost hits you but does no damage.
You partially resist.
You feel drained.
You hit beardedkeet's ghost.
Beardedkeet's ghost is severely damaged.
Beardedkeet's ghost hits you!
You die...

#.##.#..######### #.#
#o##...## #########.#
#.####.# #>........#
#.####.#####.#########
#............#
######.####### #.# #W#
#@# #.# #..[.....
#########


You could see beardedkeet's ghost.

Vanquished Creatures
  An orc wizard (D:3)
  Terence (D:3)
  5 adders (D:2)
  An ooze (D:3)
  2 worms (D:2)
  6 giant geckos
  6 orcs
  3 ball pythons (D:3)
  7 giant cockroaches
  6 goblins (D:2)
  8 hobgoblins
  3 jackals (D:3)
  2 quokkas (D:3)
  8 bats
  4 giant newts
  4 kobolds
  5 rats
72 creatures vanquished.

Notes
Turn   | Place    | Note
--------------------------------------------------------------
     0 | D:1      | mrath the Merfolk Ice Elementalist began the quest for the Orb.
     0 | D:1      | Reached XP level 1. HP: 13/13 MP: 3/3
   155 | D:1      | Reached XP level 2. HP: 20/20 MP: 1/5
   419 | D:1      | Learned a level 2 spell: Throw Frost
   541 | D:1      | Reached skill level 1 in Fighting
   811 | D:2      | Reached XP level 3. HP: 22/26 MP: 2/6
  1826 | D:2      | Reached XP level 4. HP: 25/33 MP: 0/7
  2284 | D:2      | Learned a level 3 spell: Ozocubu's Armour
  2286 | D:3      | Noticed beardedkeet's ghost (amateur HuCj)
  2343 | D:3      | Noticed Grinder
  2744 | D:3      | Paralysed by Grinder for 3 turns
  2978 | D:3      | Found a glowing drain.
  3121 | D:3      | Reached skill level 4 in Dodging
  3392 | D:2      | Reached XP level 5. HP: 39/39 MP: 9/9
  4106 | D:3      | Reached skill level 1 in Charms
  4254 | D:3      | Noticed Terence
  4261 | D:3      | Killed Terence
  4472 | D:3      | Slain by beardedkeet's ghost

Vault maps used:
D:1:      scummos_arrival_forest
D:3:      gup_sewer_entry_pipe, st_stairs_9, uniq_terence, uniq_grinder

Action                   |  1- 3 |  4- 6 || total
-------------------------+-------+-------++-------
Melee: Club              |     1 |       ||     1
       Spear             |    15 |    30 ||    45
       Mace              |       |     2 ||     2
       Trident           |       |     9 ||     9
Throw: Stone             |    28 |    75 ||   103
 Cast: Freeze            |    42 |    72 ||   114
       Throw Frost       |     5 |     7 ||    12
       Ozocubu's Armour  |       |     4 ||     4
 Stab: Sleeping          |     1 |       ||     1
       Distracted        |       |     1 ||     1
  Eat: Chunk             |     2 |     5 ||     7
       Bread ration      |     1 |       ||     1
       Pizza             |       |     1 ||     1
